 Dungeon Crawl Stone Soup version 0.29.0-4-gdea44cf6ec (webtiles) character file.

Game seed: 17243580196612274517

54 qw the Chopper (level 3, 0/21 HPs)
             Began as a Tengu Warper on Aug 28, 2022.
             Slain by a gnoll
             ... wielding a +0 spear
              (2 damage)
             ... on level 2 of the Dungeon.
             The game lasted 00:00:09 (1729 turns).

qw the Chopper (Tengu Warper)                       Turns: 1729, Time: 00:00:09

Health: 0/21       AC:  3    Str: 13    XL:     3   Next: 91%
Magic:  0/7        EV: 12    Int: 13    God:
Gold:   29         SH:  0    Dex: 13    Spells: 6/6 levels left

rFire   . . .      SeeInvis .   Y - +0 hand axe
rCold   . . .      Faith    .   (no shield)
rNeg    . . .      Spirit   +   b - +0 leather armour
rPois   .          Reflect  .   (helmet restricted)
rElec   .          Harm     .   (no cloak)
rCorr   .          Rampage  .   (no gloves)
Will    .....                   (boots unavailable)
Stlth   +.........              f - amulet of guardian spirit
HPRegen 0.07/turn               (no ring)
MPRegen 0.10/turn               (no ring)

@: no status effects
A: beak, talons 3
a: no special abilities


You were on level 2 of the Dungeon.
You visited 1 branch of the dungeon, and saw 2 of its levels.

You collected 29 gold pieces.


Innate Abilities, Weirdness & Mutations

You have a beak for a mouth.
You have claws for feet.


   Skills:
 - Level 2.0 Fighting
 + Level 4.5 Axes
 - Level 1.0 Throwing
 - Level 1.1 Armour
 - Level 2.1 Dodging
 - Level 2.0 Spellcasting
 - Level 2.4 Translocations


You had 6 spell levels left.
You didn't know any spells.
Your spell library contained the following spells:

 Spells                   Type           Power      Damage    Failure   Level
 Blink                    Tloc           14%        N/A       19%         2
 Gell's Gravitas          Tloc           7%         N/A       36%         3
 Lesser Beckoning         Tloc           7%         N/A       36%         3
 Teleport Other           Tloc           7%         N/A       36%         3
 Manifold Assault         Tloc           7%         N/A       98%         5

Inventory:

Hand Weapons
 c - a +0 club
 Y - a +0 hand axe (weapon)
Armour
 b - a +0 leather armour (worn)
Jewellery
 f - an amulet of guardian spirit (around neck)
 h - a ring of fire
Scrolls
 a - a scroll of identify
Potions
 e - a potion of heal wounds {unknown}

Dungeon Overview and Level Annotations

Branches:
Dungeon (2/15)

Altars:


Message History

A gnoll comes into view. It is wielding a +0 club.
The gnoll shouts!
You hear an angry hiss.
A gnoll comes into view. It is wielding a +0 halberd.
A rat comes into view.
Enter note: A gnoll comes into view. It is wielding a +0 halberd.
A rat comes into view.
The rat moves out of view.
A worm and a gnoll come into view.
Found a stone staircase leading down.
The gnoll shouts! x2
The gnoll barely misses you.
You hit the gnoll. You claw the gnoll. Your peck misses the gnoll.
The gnoll is heavily wounded.
The gnoll hits you from afar with a +0 halberd!
You closely miss the gnoll. Your kick misses the gnoll.
The gnoll is moderately wounded.
You barely miss the rat.
The gnoll hits you from afar with a +0 halberd!
The gnoll closely misses you. The rat bites you but does no damage.
An adder comes into view.
You hit the gnoll. Your kick misses the gnoll. Your peck misses the gnoll.
The gnoll is heavily wounded.
You hit the rat. The gnoll closely misses you. The gnoll barely misses you.
The rat misses you.
You hit the gnoll.
The gnoll is almost dead.
You barely miss the rat. x2
The rat closely misses you.
The gnoll hits you from afar with a +0 spear.
The gnoll barely misses you. The gnoll hits you with a +0 club.
The gnoll barely misses you. The rat barely misses you.
You hit the gnoll but do no damage. You claw the gnoll.
You kill the gnoll!
You closely miss the rat. You barely miss the rat. The rat barely misses you.
The gnoll closely misses you. x2
The gnoll barely misses you. The rat barely misses you. x2
The gnoll barely misses you.
The gnoll hits you from afar with a +0 spear.
You die...

....##..(...# #..#
#...... #......# #..#
#...... ####...####..#
#......#####.........#
#......#............##
#......#............#
+......#............#
#...................#
...#r@............#
#Sgr)..........%.#
#.gg#.?.########.#
#.#.#...# #.#
.w.#.#..... #.# .##
#.#.....# ##'#### >
..##....# #...... ##
....# #...... #......


You could see a worm, 3 gnolls, an adder and 2 rats.

Vanquished Creatures
  An adder (D:2)
  A gnoll (D:2)
  A worm (D:2)
  3 dart slugs (D:1)
  4 endoplasms (D:1)
  A giant cockroach (D:1)
  2 hobgoblins
  3 jackals (D:1)
  A quokka (D:1)
  7 ball pythons
  A bat (D:1)
  3 frilled lizards
  3 kobolds
  4 rats (D:1)
35 creatures vanquished.

Notes
Turn   | Place    | Note
-------+----------+-------------------------------------------
     0 | D:1      | qw the Tengu Warper began the quest for the Orb.
     0 | D:1      | Reached XP level 1. HP: 12/12 MP: 4/4
     0 | D:1      | 0 ||| qw: Version: 0.1-a-89-g26bdef1
     0 | D:1      | 0 ||| qw: Game counter: 2129
     0 | D:1      | 0 ||| qw: Always use a shield: true
     0 | D:1      | 0 ||| qw: God list: Okawaru
     0 | D:1      | 0 ||| qw: Allow faded altars: false
     0 | D:1      | 0 ||| qw: Do Orc after D:15 true
     0 | D:1      | 0 ||| qw: Do second Lair branch before Depths: true
     0 | D:1      | 0 ||| qw: Lair rune preference: random
     0 | D:1      | 0 ||| qw: Plans: Normal
     0 | D:1      | 0 ||| PLANNING D:1-11
   109 | D:1      | Reached skill level 3 in Axes
   109 | D:1      | Reached XP level 2. HP: 6/17 MP: 6/6
   393 | D:1      | 393 ||| Stepping ~*~*~tactically~*~*~ (hiding).
   630 | D:1      | Reached XP level 3. HP: 19/21 MP: 7/7
   765 | D:1      | Reached skill level 4 in Axes
   840 | D:1      | 840 ||| Stepping ~*~*~tactically~*~*~ (hiding).
   942 | D:1      | 942 ||| Stepping ~*~*~tactically~*~*~ (hiding).
  1044 | D:1      | 1044 ||| Stepping ~*~*~tactically~*~*~ (hiding).
  1147 | D:1      | Found a faded altar of an unknown god.
  1261 | D:1      | 1261 ||| UPGRADING to amulet of guardian spirit.
  1266 | D:1      | 1266 ||| READING scroll labelled KYRPHA POZEAFU.
  1269 | D:1      | 1269 ||| READING scroll labelled PIEPULL MANO.
  1270 | D:1      | 1270 ||| DROPPING scroll of blinking.
  1303 | D:2      | 1303 ||| STAIRDANCE
  1728 | D:2      | HP: 3/21 [gnoll/+0 spear (4)]
  1729 | D:2      | Slain by a gnoll

Levels and vault maps discovered:
D:1:      heliophobic_arrival_ceremonial_halls, layout_loops_ring,
          dilly_ecumenical_altar_fadedgnrine
D:2:      minmay_roachtagon, layout_basic, minmay_pentomino_z2

Skill      XL: |  1  2  3 |
---------------+----------+-----
Axes           | 3 4 |  4.5
Fighting       | |  2.0
Throwing       | |  1.0
Armour         | |  1.1
Dodging        | |  2.1
Spellcasting   | |  2.0
Translocations | |  2.4

Action                   || total
-------------------------++-------
Melee: Hand axe          ||    81
       Kick              ||    23
       Peck              ||    11
       Punch             ||     1
Throw: Boomerang         ||     7
  Use: Scroll            ||     2
Armor: Leather armour    ||    12
Dodge: Dodged            ||    50

Table legend:
 A = Non-vault XP
 B = Vault XP
 C = Vault XP percentage of total XP
 D = Non-vault monster count
 E = Vault monster count
 F = Vault count percentage of total count
                 A         B        C        D         E       F
            +---------+---------+-------+---------+---------+-------
      Total |      92 |       0 |   0.0 |      35 |       0 |   0.0
            +---------+---------+-------+---------+---------+-------
        D:1 |      52 |       0 |   0.0 |      28 |       0 |   0.0
        D:2 |      40 |       0 |   0.0 |       7 |       0 |   0.0
            +---------+---------+-------+---------+---------+-------
